[Event "Nordstansblixten 2025"]
[Site "Nordstan, Göteborg, Sweden"]
[Date "2025.05.10"]
[Round "4.5"]
[White "Kenani, Dariush"]
[Black "Bjureblad, Martin"]
[Result "1-0"]
[TimeControl "3 minutes + 2 seconds per move from move one"]
[WhiteFideId "1707973"]
[BlackFideId "1717928"]
[WhiteElo "1933"]
[BlackElo "1597"]

1. e4 c5 2. Nf3 Nc6 3. d4 cxd4 4. c3 d6 5. Bc4 e6 6. cxd4 Nf6 7. Nc3 a6 8. Bb3 b5 9. Qe2 Qb6 10. Be3 Qa5 11. O-O Be7 12. Rac1 Bb7 13. d5 exd5 14.
exd5 Nd8 15. Rfd1 O-O 16. Bd4 Qc7 17. Nxb5 Qd7 18. Na3 Ne8 19. Nc4 Qb5 20.
Qxe7 Qxd5 21. Nb6 Qh5 22. Nxa8 Bxa8 23. Qxd8 1-0

[Event "Nordstansblixten 2025"]
[Site "Nordstan, Göteborg, Sweden"]
[Date "2025.05.10"]
[Round "4.7"]
[White "Molokov, Andrey"]
[Black "Bergdahl, Martin"]
[Result "0-1"]
[TimeControl "3 minutes + 2 seconds per move from move one"]
[WhiteFideId "1780450"]
[BlackFideId "1782231"]
[WhiteElo "1592"]
[BlackElo "1867"]

1. e4 c6 2. d4 d5 3. e5 c5 4.
c3 Nc6 5. Nf3 Bg4 6. Be2 e6 7.
h3 Bh5 8. Bf4 Bxf3 9. Bxf3 cxd4 10. cxd4 Qb6 11. Nc3 Qxd4 12. Qxd4 Nxd4 13. O-O Nxf3+ 14. gxf3 Ne7 15. Nb5 Ng6 16. Be3 Kd7 17. Nxa7 Nxe5 18.
f4 Nc4 19. Nb5 Nxe3 20. fxe3 Bc5 21. Rfe1 Ra5 22. Nc3 d4 23. exd4 Bxd4+ 24. Kg2 Bxc3 25. bxc3 Rha8 26. Red1+ Ke7 27. Rd2 Ra3 28. Rc2 Kd6 29. Kf3 b5 30. Ke4 R8a4+ 31. Kd3 Rxf4 32. Ke2 Rc4 33.
Rb1 Kc5 34. Rcb2 Ra5 35. Kd3 Rh4 36. Rh1 Ra3 37. Kc2 Rc4 0-1

[Event "Nordstansblixten 2025"]
[Site "Nordstan, Göteborg, Sweden"]
[Date "2025.05.10"]
[Round "4.10"]
[White "Cigoja, Vuk"]
[Black "Sivarama, Saadhvik"]
[Result "1-0"]
[TimeControl "3 minutes + 2 seconds per move from move one"]
[WhiteFideId "14411628"]
[BlackFideId "1773720"]
[WhiteElo "1719"]
[BlackElo "1592"]

1. e4 c5 2. Nf3 d6 3. d4 cxd4 4. Nxd4 Nf6 5. Nc3 g6 6. Bc4 Bg7 7. Bb3 O-O 8. O-O Nc6 9. Nde2 Ne5 10. h3 a6 11. Be3 e6 12. f4 Nc6 13.
Qd2 d5 14. e5 Nd7 15. Nd4 Nc5 16. Nxc6 Nxb3 17. axb3 bxc6 18. Bc5 Re8 19. Qd3 Bb7 20. b4 f6 21. Rae1 f5 22. Ra1 g5 23.
Rae1 gxf4 24. Rxf4 Qg5 25. Qf3 Bh6 26. Rd4 Kh8 27. Rdd1 Rg8 28. Re2 Rg6 29. Rf1 Rag8 30. Rff2 Qc1+ 31.
Kh2 Qxb2 32. Be7 1-0

[Event "Nordstansblixten 2025"]
[Site "Nordstan, Göteborg, Sweden"]
[Date "2025.05.10"]
[Round "5.1"]
[White "Andersson, Stig"]
[Black "Torres, Lucas"]
[Result "0-1"]
[TimeControl "3 minutes + 2 seconds per move from move one"]
[WhiteFideId "1731971"]
[BlackFideId "1769464"]
[WhiteElo "1837"]
[BlackElo "1805"]

1. e4 e6 2. d4 d5 3.
Nd2 Nf6 4. e5 Nfd7 5. Bd3 c5 6. c3 Nc6 7. Ne2 Be7 8. O-O Qb6 9. a3 cxd4 10. cxd4 Nxd4 11. Nxd4 Qxd4 12. Nf3 Qb6 13. Qc2 h6 14. Be3 Qd8 15. Rac1 Nb6 16.
h3 Bd7 17. Qc7 Qxc7 18. Rxc7 Bd8 19. Rc2 O-O 20. Rfc1 Be7 21. b4 Rac8 22. Kf1 Rxc2 23. Rxc2 Rc8 24. Rxc8+ Bxc8 25.
Nd4 Bd7 26. Nb5 Nc4 27. Bxc4 dxc4 28. Nxa7 Bd8 29. Ke2 Kf8 30.
Kd2 b6 31. Kc3 b5 32. Bc5+ Ke8 33.
f3 Bc7 34. a4 Bxe5+ 35. Kc2 bxa4 36.
b5 a3 37. Bxa3 Bb8 38. Bc5 Bxa7 39. Bxa7 Bxb5 40. Kc3 Kd7 41. Bd4 f6 42. Bc5 Ke8 43. Bd4 Kf7 44. Kb4 Ba6 45. Bc3 e5 46. Ka5 Bb7 47. Kb6 Bd5 48. Kc5 Ke6 49. Bd2 f5 50. Bc3 g5 51. Kb6 e4 52. fxe4 fxe4 53. Kc5 e3 54. Kd4 Bxg2 55. h4 gxh4 56. Kxe3 h3 57. Kf2 Kf5 58. Kg3 Ke4 59. Ba5 Kd3 0-1

[Event "Nordstansblixten 2025"]
[Site "Nordstan, Göteborg, Sweden"]
[Date "2025.05.10"]
[Round "5.2"]
[White "Olivius, Sten"]
[Black "Kenani, Dariush"]
[Result "1/2-1/2"]
[TimeControl "3 minutes + 2 seconds per move from move one"]
[WhiteFideId "1788728"]
[BlackFideId "1707973"]
[WhiteElo "1874"]
[BlackElo "1933"]

1. e4 c5 2. Nc3 Nc6 3. Nf3 a6 4.
a4 Nf6 5. Bc4 e6 6. d3 Be7 7. h3 d5 8. exd5 exd5 9. Bb3 h6 10. O-O Be6 11. Re1 Qd6 12. Qe2 O-O 13. Ne5 Rfe8 14. Nxc6 Qxc6 15. Qf3 Rad8 16.
Bf4 b5 17. axb5 axb5 18. Be5 Nd7 19. Bf4 Nf6 20. Be5 Nd7 21. Bg3 Nf6 22. Re5 Bd6 23. Ree1 Bxg3 24. Qxg3 d4 25.
Bxe6 Rxe6 26. Rxe6 fxe6 27. Ne2 Qd6 28. Qxd6 Rxd6 29. f3 Nd5 30. Kf2 Ne3 31. Rc1 e5 32. c3 Rd8 33. cxd4 cxd4 34. Rc5 Rd5 35. Rxd5 Nxd5 36. Nc1 Kf7 37. g4 g5 38. Kg3 Ne3 39. h4 Ke6 40.
hxg5 hxg5 41. Kh2 Kd5 42. b4 Kc6 43.
Na2 Kd5 44. Kg3 1/2-1/2

[Event "Nordstansblixten 2025"]
[Site "Nordstan, Göteborg, Sweden"]
[Date "2025.05.10"]
[Round "5.3"]
[White "Wellevit, Tomas"]
[Black "Bergdahl, Daniel"]
[Result "1/2-1/2"]
[TimeControl "3 minutes + 2 seconds per move from move one"]
[WhiteFideId "1731963"]
[BlackFideId "1780921"]
[WhiteElo "2131"]
[BlackElo "1855"]

1. e4 c6 2. d4 d5 3. Nd2 dxe4 4. Nxe4 Nf6 5. Ng3 c5 6. Nf3 Nc6 7. Be3 cxd4 8. Nxd4 Bd7 9. Qd2 g6 10. Be2 Bg7 11. O-O O-O 12. c3 a6 13. Bh6 Nxd4 14. cxd4 Bc6 15. Bxg7 Kxg7 16. Qg5 Qd5 17. Qxd5 Bxd5 18. f3 Rac8 19. Bd3 Rfd8 20. Rfd1 b5 21. a4 Bb3 22. Re1 Bxa4 23. Rxe7 Rxd4 24.
Bf1 Rc2 25. b3 Bxb3 26. Rxa6 Rdd2 27. Rb7 Nd5 28. Ne4 Rd1 29. Rd6 Rcc1 30. Ng3 Ne3 31. Rxd1 Rxd1 32. Kf2 Nxf1 33. Nxf1 Bc4 34. Ne3 Rd2+ 35. Kg3 Bd3 36. Nd5 Bf1 37.
Nf4 Bc4 38. h4 Rd4 39. Nh3 Be6 40. Rxb5 Bxh3 41. Kxh3 1/2-1/2

[Event "Nordstansblixten 2025"]
[Site "Nordstan, Göteborg, Sweden"]
[Date "2025.05.10"]
[Round "5.4"]
[White "Karlsson, Stefan"]
[Black "Madevan Vaishnavi, Yaashvan"]
[Result "1-0"]
[TimeControl "3 minutes + 2 seconds per move from move one"]
[WhiteFideId "1771183"]
[BlackFideId "1772180"]
[WhiteElo "2128"]
[BlackElo "1717"]

1. d3 c5 2. Nd2 d5 3. Ngf3 Nf6 4. g3 Nc6 5. Bg2 e6 6. O-O Bd6 7. e4 O-O 8. Re1 dxe4 9. dxe4 Qc7 10. Nc4 Rd8 11. Nxd6 Rxd6 12. Qe2 e5 13. c3 b6 14.
Nd2 Be6 15. Nc4 Bxc4 16. Qxc4 Rad8 17. Be3 Ng4 18. Bg5 R8d7 19. Bh3 h5 20. f3 Na5 21. Qe2 f6 22. Bc1 Nh6 23. Bxd7 Qxd7 24. Bxh6 gxh6 25. Rad1 1-0

[Event "Nordstansblixten 2025"]
[Site "Nordstan, Göteborg, Sweden"]
[Date "2025.05.10"]
[Round "5.5"]
[White "Bergdahl, Martin"]
[Black "Mohammed, Safian Haj"]
[Result "1/2-1/2"]
[TimeControl "3 minutes + 2 seconds per move from move one"]
[WhiteFideId "1782231"]
[BlackFideId "1729276"]
[WhiteElo "1867"]
[BlackElo "1874"]

1. e4 c5 2. Nf3 d6 3. c3 Nf6 4. Bc4 Nc6 5. d3 a6 6. O-O b5 7. Bb3 Bg4 8. Be3 e6 9. Nbd2 Be7 10. Rc1 O-O 11.
h3 Bh5 12. d4 cxd4 13. cxd4 Na5 14. Bc2 Rc8 15. Bb1 Rxc1 16. Qxc1 Qd7 17. e5 dxe5 18. Nxe5 Qb7 19. Qc2 Rc8 20.
Qd3 Nc6 21. Nxc6 Rxc6 22. Ne4 Bg6 23.
Nxf6+ Bxf6 24. Qe2 Qc8 25. Bxg6 hxg6 26. Qd3 Rc2 27. Rb1 Qc4 28. Qxc4 Rxc4 29. Rd1 Rc2 30. Rb1 Rc4 31. Rd1 Rc2 32. Rb1 1/2-1/2

[Event "Nordstansblixten 2025"]
[Site "Nordstan, Göteborg, Sweden"]
[Date "2025.05.10"]
[Round "5.6"]
[White "Buzleta, Patrik"]
[Black "Ring, Sami"]
[Result "1-0"]
[TimeControl "3 minutes + 2 seconds per move from move one"]
[WhiteFideId "1755463"]
[BlackFideId "1785869"]
[WhiteElo "1950"]
[BlackElo "1712"]

1. Nf3 d5 2. e3 Nf6 3. b3 b6 4. Bb2 e6 5. h3 Be7 6. d3 Bb7 7. Nbd2 Nbd7 8. a3 c5 9. Qe2 O-O 10. g4 Rc8 11. g5 Ne8 12. Bg2 Bxg5 13. Nxg5 Qxg5 14. Rg1 Nef6 15. O-O-O Qh6 16. Kb1 a5 17. c4 Ba6 18. f4 dxc4 19. dxc4 Rfd8 20. Ne4 Nxe4 21. Bxe4 Nf6 22. Bc2 Rxd1+ 23. Qxd1 Qh4 24. Qd3 1-0

[Event "Nordstansblixten 2025"]
[Site "Nordstan, Göteborg, Sweden"]
[Date "2025.05.10"]
[Round "5.7"]
[White "Cigoja, Vuk"]
[Black "Kadunic, Admir"]
[Result "0-1"]
[TimeControl "3 minutes + 2 seconds per move from move one"]
[WhiteFideId "14411628"]
[BlackFideId "1773542"]
[WhiteElo "1719"]
[BlackElo "2109"]

1. e4 d6 2. Nf3 Nf6 3. Nc3 g6 4. h3 Bg7 5. d4 O-O 6. Be3 c6 7.
Bd3 b5 8. Ne2 a5 9. c4 Ba6 10. cxb5 Bxb5 11. Bxb5 cxb5 12. e5 Ne8 13. O-O Nc6 14. Bf4 Qb6 15. exd6 Nxd6 16. Ne5 Rad8 17. Rc1 Nxe5 18. dxe5 Nc4 19.
Qb3 Nxe5 20. Be3 Qb7 21. Rfd1 Nd3 22. Rxd3 Rxd3 23. Qxd3 Bxb2 24. Rb1 Bf6 25. Rxb5 Qc7 26. Rc5 Qb8 27. Bf4 Qb2 28. Rxa5 Qa1+ 29. Kh2 Qe1 30. Bg3 Qxa5 31. a3 Ra8 32. Qd7 Qxa3 33. Nf4 Qa7 34.
Qg4 Qa4 35. Qf3 Qa3 36. Qe4 Ra4 37. Qd5 Qd6 38. Qxd6 exd6 39. Nd5 Be5 40. f4 Bg7 41. f5 Be5 42. fxg6 hxg6 43. Ne7+ Kf8 44. Nc6 Bxg3+ 45. Kxg3 Ke8 46. Kf3 Kd7 47. Nb8+ Kc7 0-1

[Event "Nordstansblixten 2025"]
[Site "Nordstan, Göteborg, Sweden"]
[Date "2025.05.10"]
[Round "5.8"]
[White "Hammar, Arvid"]
[Black "Vairav, Vihaan"]
[Result "1-0"]
[TimeControl "3 minutes + 2 seconds per move from move one"]
[WhiteFideId "1735977"]
[BlackFideId "1783971"]
[WhiteElo "1667"]
[BlackElo "1463"]

1. c4 e5 2. Nc3 Nf6 3. g3 Bc5 4.
Bg2 O-O 5. e3 Nc6 6. Nge2 d6 7. d4 exd4 8. exd4 Bb6 9. O-O Bg4 10. a3 Re8 11. Be3 Ne7 12. b4 Rc8 13. c5 dxc5 14.
dxc5 Qxd1 15. Raxd1 Bxc5 16. Bxc5 Ng6 17. Rfe1 b6 18. Bd4 Rcd8 19. h3 Bxe2 20. Nxe2 Nd7 21. Bc6 Re6 22. Bxd7 Rxd7 23. Be3 Rxd1 24. Rxd1 Nf8 25. Nf4 Rc6 26. Kg2 Rc3 27. Rd3 Rxd3 28. Nxd3 Ne6 29. f4 Kf8 30. Kf3 Ke7 31. g4 Kd6 32. f5 Nd8 33. Bf4+ Kd7 34. Ne5+ Ke7 35. b5 f6 36. Nc6+ Nxc6 37. bxc6 Kd8 38. Ke4 a5 39. Kd5 b5 40. Kc5 g5 41. fxg6 hxg6 42. Kxb5 g5 43. Be3 Ke7 44. Kxa5 Ke6 45. Kb5 Kd6 46. Bc5+ Kd5 47. a4 Ke6 48. a5 Kd5 49. a6 Ke6 50. a7 Kd5 51. a8=Q Ke6 52. Qe8+ Kd5 53. Qf7 Ke4 54. Qxf6 Kd3 55. Qd4+ Ke2 56. Qe3+ Kd1 57. Qf2 Kc1 58.
Kb4 Kd1 59. Kc3 Kc1 60. Qf1# 1-0

[Event "Nordstansblixten 2025"]
[Site "Nordstan, Göteborg, Sweden"]
[Date "2025.05.10"]
[Round "5.9"]
[White "Wennerholm, Camilla"]
[Black "Munuswamy, Shivakumar"]
[Result "0-1"]
[TimeControl "3 minutes + 2 seconds per move from move one"]
[WhiteFideId "1776380"]
[BlackFideId "1788914"]
[WhiteElo "1599"]
[BlackElo "1458"]

1. e4 Nc6 2. Nf3 g6 3. d4 d6 4. Bc4 e6 5. Nc3 Bg7 6.
O-O Nf6 7. Bg5 h6 8. Bxf6 Bxf6 9. Re1 d5 10. Bb5 dxe4 11. Bxc6+ bxc6 12. Nxe4 Bg7 13. c3 O-O 14. Nfd2 Rb8 15. b3 Bb7 16. Qf3 f5 17.
Nc5 Qd5 18. Qg3 Rf6 19. Nxb7 Rxb7 20. Re5 Qd6 21. Rae1 Rb5 22. Nc4 Qd7 23. R5e3 f4 24. Ne5 Qd5 25. Qf3 fxe3 26. Qxd5 cxd5 27.
fxe3 Rf8 28. Nd7 Rd8 29. Nc5 Re8 30. h4 a5 31. Kh2 e5 32. Rf1 exd4 33. exd4 Rb6 34. Nd7 Rbe6 35. Nc5 Re2 36.
a4 Rc2 37. Rf3 Ree2 38. Rg3 Kh7 39. Kh3 c6 40. Kh2 Rc1 41. Kh3 Ree1 42. Kg4 Rb1 43. Kf3 Rf1+ 44. Ke2 Rf7 45. Kd2 Rf2+ 46. Ke3 Rc2 47. Kf4 Rbc1 48. Kg4 Rxc3 49. Rxc3 Rxc3 50.
g3 Bxd4 51. Ne6 Bf2 52. Kh3 Rxg3+ 53. Kh2 Rxb3 54. h5 Ra3 55. Nf8+ Kg7 56. Nxg6 Rxa4 57.
Nf4 Rxf4 58. Kg2 Bc5 59.
Kh2 Rh4+ 60. Kg3 Rxh5 61. Kg2 Re5 62. Kg3 a4 63. Kh3 a3 64. Kg4 a2 65. Kf4 Re8 66. Kf3 0-1

[Event "Nordstansblixten 2025"]
[Site "Nordstan, Göteborg, Sweden"]
[Date "2025.05.10"]
[Round "6.1"]
[White "Torres, Lucas"]
[Black "Kadunic, Admir"]
[Result "1/2-1/2"]
[TimeControl "3 minutes + 2 seconds per move from move one"]
[WhiteFideId "1769464"]
[BlackFideId "1773542"]
[WhiteElo "1805"]
[BlackElo "2109"]

1. e4 d6 2. d4 c5 3.
dxc5 Qa5+ 4. Nc3 Qxc5 5. Be3 Qa5 6. Bc4 Nf6 7. f3 Nc6 8.
Nge2 g6 9. Nd4 Bd7 10. Qd2 Bg7 11. O-O O-O 12. Rad1 Rac8 13. Bb3 Ne5 14. Nd5 Qd8 15. Nxf6+ Bxf6 16. Qe2 a6 17. Kh1 Qc7 18. c3 Nc4 19. Bxc4 Qxc4 20. Qxc4 Rxc4 21. Nc2 Be6 22. Bd4 Kg7 23. Ne3 Rc6 24.
Nd5 Bxd5 25. exd5 Rc4 26. Bxf6+ Kxf6 27. Rfe1 Rd8 28. Kg1 b5 29. Re4 Rc5 30. Kf2 Rd7 31. Ke3 Rdc7 32. Kd4 a5 33. Rde1 b4 34. cxb4 axb4 35. Ke3 Ra7 36. Rxb4 Rxa2 37. Rf4+ Kg7 38. Kf2 Rxb2+ 39. Kg3 Rb7 40. Rd4 Kf6 41. Rf4+ Kg7 42. Rd4 Rcc7 43.
h4 Rb8 44. Kg4 Rbc8 45. Ree4 Kf8 46. Kg5 Kg7 47. Kf4 h6 48. g4 Rd8 49. Rd3 Rdd7 50. Rde3 Kf6 51. g5+ Kg7 52. Kg4 f6 53. gxf6+ exf6 54. Re6 Kf7 55. h5 gxh5+ 56. Kxh5 Rc5 57.
Rd3 Rd8 58. Kg4 Rg8+ 59. Kh4 Rg5 60. Rxd6 Rc4+ 61. Kh3 Kg6 62. Re3 Kf5 63. Re4 Rxe4 64.
fxe4+ Kxe4 65. Rxf6 Kxd5 66. Rxh6 1/2-1/2

[Event "Nordstansblixten 2025"]
[Site "Nordstan, Göteborg, Sweden"]
[Date "2025.05.10"]
[Round "6.2"]
[White "Andersson, Stig"]
[Black "Olivius, Sten"]
[Result "0-1"]
[TimeControl "3 minutes + 2 seconds per move from move one"]
[WhiteFideId "1731971"]
[BlackFideId "1788728"]
[WhiteElo "1837"]
[BlackElo "1874"]

1. e4 e6 2. d4 d5 3. Nd2 Nf6 4. e5 Nfd7 5. Bd3 c5 6. c3 Nc6 7. Ne2 Qb6 8. O-O f6 9. exf6 Nxf6 10.
Nf3 Bd6 11. dxc5 Bxc5 12. b4 Bd6 13. Qc2 O-O 14. Bf4 Bxf4 15. Nxf4 e5 16. Nxd5 Nxd5 17. Bxh7+ Kh8 18. Nh4 Nce7 19.
a4 Qh6 20. Ng6+ Nxg6 21. Bxg6 Nf4 22. Be4 Qg5 23. Kh1 Bf5 24. a5 Rac8 25. Rac1 Rc4 26. Bxf5 Qxg2# 0-1

[Event "Nordstansblixten 2025"]
[Site "Nordstan, Göteborg, Sweden"]
[Date "2025.05.10"]
[Round "6.3"]
[White "Mohammed, Safian Haj"]
[Black "Karlsson, Stefan"]
[Result "0-1"]
[TimeControl "3 minutes + 2 seconds per move from move one"]
[WhiteFideId "1729276"]
[BlackFideId "1771183"]
[WhiteElo "1874"]
[BlackElo "2128"]

1. e4 c5 2. Nf3 d6 3. d4 cxd4 4. Nxd4 Nf6 5. Nc3 Nc6 6.
Bg5 e6 7. Qd2 a6 8. O-O-O Bd7 9. f4 Be7 10. Be2 b5 11. a3 h6 12. Bxf6 Bxf6 13. Nxc6 Bxc6 14. Bf3 Be7 15. Rhe1 Rc8 16. Kb1 Qb6 17.
f5 b4 18. axb4 Qxb4 19. fxe6 fxe6 20. Bh5+ Kd7 21. e5 Rb8 22. b3 Rhc8 23. exd6 Bf6 24. Ne4 Bxe4 25. Qxb4 Bxc2+ 0-1

[Event "Nordstansblixten 2025"]
[Site "Nordstan, Göteborg, Sweden"]
[Date "2025.05.10"]
[Round "6.4"]
[White "Wellevit, Tomas"]
[Black "Bergdahl, Martin"]
[Result "1-0"]
[TimeControl "3 minutes + 2 seconds per move from move one"]
[WhiteFideId "1731963"]
[BlackFideId "1782231"]
[WhiteElo "2131"]
[BlackElo "1867"]

1. e4 c6 2. d4 d5 3. exd5 cxd5 4. c4 Nf6 5. Nc3 Nc6 6.
c5 e5 7.
dxe5 Nxe5 8. Bb5+ Nc6 9. Be3 Be7 10. Nge2 O-O 11. O-O Bg4 12. f3 Be6 13. Rc1 Rc8 14. a3 a5 15. Na4 Nd7 16.
Kh1 Bf6 17. Bd3 Nce5 18. Bb1 Nc4 19. Bd4 Bxd4 20. Qxd4 Qf6 21. Qd3 g6 22. b4 axb4 23. axb4 Nde5 24. Qd4 Nd7 25. Rfe1 Qxd4 26. Nxd4 Rfe8 27. Nc3 Na3 28. Ncb5 Nxb1 29. Rxb1 Nf6 30. Nd6 Rcd8 31. Nxe8 Rxe8 1-0

[Event "Nordstansblixten 2025"]
[Site "Nordstan, Göteborg, Sweden"]
[Date "2025.05.10"]
[Round "6.5"]
[White "Kenani, Dariush"]
[Black "Buzleta, Patrik"]
[Result "0-1"]
[TimeControl "3 minutes + 2 seconds per move from move one"]
[WhiteFideId "1707973"]
[BlackFideId "1755463"]
[WhiteElo "1933"]
[BlackElo "1950"]

1. d4 e6 2. c4 a6 3. Nc3 g6 4. a3 Bg7 5. e4 d6 6.
Nf3 h6 7. Bd3 Ne7 8. O-O b6 9. Re1 Bb7 10. h3 Qd7 11. Bf4 g5 12. Bg3 Rg8 13. d5 e5 14. b4 Bf6 15.
Nh2 Ng6 16. Qh5 Bg7 17. Nd1 Qe7 18.
Ne3 Bc8 19. Nf5 Bxf5 20. exf5 Nf4 21. Bxf4 gxf4 22. Ng4 Nd7 23. Bc2 O-O-O 24. Rac1 Kb8 25. a4 Rde8 26. a5 bxa5 27. bxa5 Nc5 28. Rb1+ Ka7 29. Rb2 e4 30. Rbb1 e3 31. fxe3 fxe3 32. Rxe3 Bd4 33. Rbe1 Rg5 34. Qxh6 Rxg4 35. hxg4 Bxe3+ 36. Kh1 Bxh6 37. Rxe7 Rxe7 0-1

[Event "Nordstansblixten 2025"]
[Site "Nordstan, Göteborg, Sweden"]
[Date "2025.05.10"]
[Round "6.6"]
[White "Bergdahl, Daniel"]
[Black "Madevan Vaishnavi, Yaashvan"]
[Result "1-0"]
[TimeControl "3 minutes + 2 seconds per move from move one"]
[WhiteFideId "1780921"]
[BlackFideId "1772180"]
[WhiteElo "1855"]
[BlackElo "1717"]

1. e4 c5 2. Nf3 g6 3. c3 Bg7 4. d4 cxd4 5. cxd4 d6 6. Nc3 Nc6 7. Bc4 Nf6 8. O-O O-O 9. Be3 Ng4 10. Bf4 e5 11.
dxe5 dxe5 12. Qxd8 Rxd8 13. Bg3 a6 14. h3 Nh6 15. Bd5 Re8 16. Rad1 Be6 17. Bxc6 bxc6 18. Rd6 Bc4 19. Rfd1 Rac8 20.
b3 Be6 21. Nxe5 Bxe5 22. Bxe5 Bxb3 23. axb3 Rxe5 24. Rd8+ Re8 25. Rxe8+ Rxe8 26. Rd6 Rc8 27.
Na4 f5 28. exf5 Nxf5 29. Rd7 Rb8 30.
Nc5 Rb5 31. Ne6 Rxb3 1-0

[Event "Nordstansblixten 2025"]
[Site "Nordstan, Göteborg, Sweden"]
[Date "2025.05.10"]
[Round "6.7"]
[White "Ring, Sami"]
[Black "Bjureblad, Martin"]
[Result "1-0"]
[TimeControl "3 minutes + 2 seconds per move from move one"]
[WhiteFideId "1785869"]
[BlackFideId "1717928"]
[WhiteElo "1712"]
[BlackElo "1597"]

1. e4 c5 2. Nf3 Nc6 3. d4 cxd4 4. Nxd4 e5 5. Nb5 d6 6. N1c3 a6 7. Na3 Nf6 8. Bg5 b5 9. Nd5 Be7 10. Bxf6 Bxf6 11.
c3 Be6 12. Nc2 O-O 13. Nce3 Rb8 14.
h4 g6 15. h5 Bxd5 16. Nxd5 Bg5 17. Be2 f5 18. hxg6 hxg6 19. exf5 Rxf5 20. Bg4 Qf8 21. Bxf5 Qxf5 22. Qe2 Rf8 23.
f3 Re8 24. Qe4 Qf7 25. a4 Bf4 26. axb5 Bg3+ 27. Ke2 axb5 28. Ra6 Nd8 29. Rxd6 Ne6 30. Qg4 Bf4 31. g3 Bxg3 32. Qxg3 Kg7 33. Rg1 Rc8 1-0

[Event "Nordstansblixten 2025"]
[Site "Nordstan, Göteborg, Sweden"]
[Date "2025.05.10"]
[Round "6.8"]
[White "Munuswamy, Shivakumar"]
[Black "Hammar, Arvid"]
[Result "0-1"]
[TimeControl "3 minutes + 2 seconds per move from move one"]
[WhiteFideId "1788914"]
[BlackFideId "1735977"]
[WhiteElo "1458"]
[BlackElo "1667"]

1. e4 e5 2. Nf3 Nc6 3.
c3 Nf6 4. d4 exd4 5. cxd4 Bb4+ 6. Nc3 d5 7. exd5 Nxd5 8. Bb5 Bd7 9. O-O Bxc3 10. bxc3 Nxc3 11. Qe1+ Qe7 12. Qxc3 O-O 13.
Ba3 Qf6 14. Bxf8 Rxf8 15. Rad1 Qg6 16.
Bd3 f5 17. Qc4+ Kh8 18. Ne5 Nxe5 19. dxe5 Bc6 20. f3 b5 21. Qc5 Re8 22. Rde1 Rd8 23. Re3 Qg5 24. Rfe1 f4 25. Qxc6 fxe3 26.
Qxc7 Rxd3 27. Qxa7 h6 28. Qb8+ Kh7 29. Qxb5 Rd2 30. Re2 Rd1+ 0-1

[Event "Nordstansblixten 2025"]
[Site "Nordstan, Göteborg, Sweden"]
[Date "2025.05.10"]
[Round "7.1"]
[White "Karlsson, Stefan"]
[Black "Olivius, Sten"]
[Result "1-0"]
[TimeControl "3 minutes + 2 seconds per move from move one"]
[WhiteFideId "1771183"]
[BlackFideId "1788728"]
[WhiteElo "2128"]
[BlackElo "1874"]

1. d3 d5 2. Nd2 e5 3.
Ngf3 Nc6 4. e4 Nf6 5. Be2 Bc5 6. O-O O-O 7. c3 dxe4 8. dxe4 Re8 9. Bc4 Be6 10. Bb5 Bg4 11. h3 Bh5 12.
Qa4 Qd7 13. Rd1 a6 14. Be2 Qe7 15. b4 Bb6 16. Ba3 Qe6 17. Bc4 Qc8 18. Re1 h6 19. Qb3 a5 20. Nf1 a4 21. Qc2 Bxf3 22.
gxf3 Qxh3 23. Qe2 Nh5 24. Bc1 Rad8 25. Be3 Bxe3 26. fxe3 Ng3 27. Qg2 Qxg2+ 28. Kxg2 Nxf1 29. Kxf1 Rd2 30. Bb5 Red8 31.
Bxa4 R2d3 32. Rad1 Rxd1 33. Rxd1 Rxd1+ 34. Bxd1 Kf8 35. Ke2 Ke7 36. Kd3 Kd6 37. f4 f6 38. a4 Ne7 39. Bh5 g6 40. Bd1 f5 41. a5 exf4 42. exf4 fxe4+ 43. Kxe4 Nd5 44. Bc2 c6 45. Kd4 Ne7 46. c4 Nf5+ 47. Bxf5 gxf5 48. b5 cxb5 49. cxb5 h5 50.
a6 bxa6 51. bxa6 Kc6 52. Ke3 Kb6 53. Kf3 Kxa6 54. Kg3 Kb5 55. Kh4 Kc4 56. Kxh5 Kd4 57. Kg6 Ke4 58. Kg5 Kd5 59. Kxf5 Kd6 60. Kf6 Kd7 61. f5 Ke8 62. Kg7 Ke7 63. f6+ 1-0

[Event "Nordstansblixten 2025"]
[Site "Nordstan, Göteborg, Sweden"]
[Date "2025.05.10"]
[Round "7.2"]
[White "Torres, Lucas"]
[Black "Wellevit, Tomas"]
[Result "0-1"]
[TimeControl "3 minutes + 2 seconds per move from move one"]
[WhiteFideId "1769464"]
[BlackFideId "1731963"]
[WhiteElo "1805"]
[BlackElo "2131"]

1. e4 c5 2. Nc3 Nc6 3. Bb5 Nd4 4. Nf3 Nxb5 5. Nxb5 e6 6. O-O a6 7. Nc3 Nf6 8. d4 cxd4 9. Qxd4 Qc7 10.
Bg5 Bc5 11. Qd2 b5 12. e5 b4 13. exf6 bxc3 14. Qxc3 gxf6 15. Qxf6 Rg8 16. Ne5 d6 17. Nxf7 Rf8 18. Nxd6+ Bxd6 19. Qh6 Rg8 20. Rad1 Rg6 21. Qh5 Bb7 22. Rfe1 Kf8 23.
Rd3 Kg8 24. Rh3 Rf8 25. f3 Rf5 26. f4 Bxf4 27. Qe2 Rfxg5 28. g3 Qc5+ 29. Kf1 Re5 30. Qd3 Rxe1+ 31. Kxe1 Qg1+ 32. Ke2 Qg2+ 33. Kd1 Bf3+ 34. Ke1 Qg1+ 35.
Qf1 Bd2+ 36. Kxd2 Qxf1 0-1

[Event "Nordstansblixten 2025"]
[Site "Nordstan, Göteborg, Sweden"]
[Date "2025.05.10"]
[Round "7.3"]
[White "Buzleta, Patrik"]
[Black "Bergdahl, Daniel"]
[Result "0-1"]
[TimeControl "3 minutes + 2 seconds per move from move one"]
[WhiteFideId "1755463"]
[BlackFideId "1780921"]
[WhiteElo "1950"]
[BlackElo "1855"]

1. Nf3 Nf6 2. b3 g6 3. Bb2 Bg7 4. e3 O-O 5. Qc1 a5 6.
a3 d6 7. h3 e5 8. d3 Nc6 9. Nbd2 Re8 10. g4 h5 11. g5 Nd7 12. Bg2 Nc5 13. h4 Ne6 14. c4 a4 15. b4 Ne7 16. Qc2 Nf5 17. Ne4 Bd7 18.
Bh3 Nf8 19. b5 Qc8 20. Bxf5 Bxf5 21. Nc3 Bg4 22. Nh2 Bf5 23. O-O-O Ne6 24. Nf1 Nc5 25. Ng3 Bg4 26. Rd2 Nb3+ 27.
Kb1 Nxd2+ 28. Qxd2 Bf3 29. Rg1 Qh3 30. Nge4 Qxh4 31. Rg3 Qh1+ 32.
Ka2 h4 33. Rxf3 Qxf3 34. Nd5 h3 35. Qe1 h2 36. Nxc7 h1=Q 37. Qc3 Qfd1 38. Nd2 Qhe1 39. Nxe8 Rxe8 40. Qb4 Qexd2 41. Qxd6 Qb3+ 0-1

[Event "Nordstansblixten 2025"]
[Site "Nordstan, Göteborg, Sweden"]
[Date "2025.05.10"]
[Round "7.4"]
[White "Kadunic, Admir"]
[Black "Ring, Sami"]
[Result "0-1"]
[TimeControl "3 minutes + 2 seconds per move from move one"]
[WhiteFideId "1773542"]
[BlackFideId "1785869"]
[WhiteElo "2109"]
[BlackElo "1712"]

1. d4 d5 2. Bg5 h6 3. Bh4 c6 4. Nd2 Bf5 5. e3 Nd7 6. f4 Ngf6 7. Ngf3 e6 8. Be2 Be7 9.
O-O O-O 10. Ne5 a5 11. c3 Nh7 12. Bg3 Nhf6 13. Qb3 Rb8 14. c4 Ne4 15. Nxe4 Bxe4 16. Rac1 Nf6 17. Rc3 Bb4 18. Rcc1 Be7 19.
a3 Nh7 20. Be1 Qc7 21. Qa4 Ra8 22. Bd2 Rfb8 23. Rc3 Nf8 24.
Rfc1 f6 25. Nf3 Rc8 26. Bd3 f5 27. Bxe4 fxe4 28. Ne5 Bf6 29. cxd5 exd5 30. Qb3 Rd8 31. R3c2 Bxe5 32. fxe5 Ne6 33. Be1 Rd7 34. Qc3 a4 35. Qd2 Rf8 36. Qe2 Rdf7 37. Bg3 Qd7 38. Qg4 Qe7 39. Bh4 Ng5 40. h3 Kh7 41. Kh2 Qd8 42.
Rc5 Qb6 43. R1c2 Qd8 44. R2c3 Qe7 45. Ra5 Rf1 46. Bxg5 Qxg5 47. Qxg5 hxg5 48. Rxa4 Rb1 49. Rb3 Rff1 50. Kg3 Kh6 51.
Rxb7 Rbe1 52. Rb3 Re2 53. Ra8 Rg1 54.
Rh8+ Kg6 55. h4 Rgxg2+ 56. Kh3 Rh2+ 57. Kg3 Rhg2+ 58. Kh3 Rh2+ 59. Kg3 Reg2# 0-1